 Dungeon Crawl Stone Soup version 0.27-a0-1144-g0b7d3b79db (webtiles) character file.

Game seed: 13799098889474916825

24 neco the Firebug (level 3, -1/19 HPs)
             Began as a Kobold Fire Elementalist on May 10, 2021.
             Slain by an orc
             ... wielding a +0 flail
              (3 damage)
             ... on level 3 of the Dungeon.
             The game lasted 00:13:49 (2070 turns).

neco the Firebug (Kobold Fire Elementalist)         Turns: 2070, Time: 00:13:50

Health: -1/19      AC:  5    Str:  6    XL:     3   Next: 15%
Magic:  1/6        EV: 12    Int: 16    God:
Gold:   12         SH:  0    Dex: 15    Spells: 6/7 levels left

rFire    x . .     SeeInvis .   h - +0 falchion
rCold    + . .     Faith    .   (shield restricted)
rNeg     . . .     Spirit   .   f - +0 ring mail
rPois    .         Reflect  .   (no helmet)
rElec    .         Harm     .   (no cloak)
rCorr    .         Rampage  .   (no gloves)
Will     .....                  (no boots)
Stlth    +++.......             (no amulet)
HPRegen  0.06/turn              i - ring of ice
MPRegen  0.10/turn              (no ring)

@: no status effects
A: small, no large weapons, nightstalker 3
a: no special abilities


You were on level 3 of the Dungeon.
You visited 1 branch of the dungeon, and saw 3 of its levels.

You collected 12 gold pieces.

Inventory:

Hand Weapons
 b - a +0 dagger
 g - a +0 club
 h - a +0 falchion (weapon)
Missiles
 c - 26 sling bullets
Armour
 a - a +0 robe
 f - a +0 ring mail (worn)
Jewellery
 i - a ring of ice (left hand)
Scrolls
 d - 2 scrolls of identify {unknown}
 e - 2 scrolls of noise {unknown}
Potions
 j - a potion of brilliance {unknown}
 k - a potion of curing {unknown}


   Skills:
 + Level 0.1 Armour
 + Level 2.7 Dodging
 + Level 3.3 Stealth
 + Level 0.1 Unarmed Combat
 + Level 2.5 Spellcasting
 + Level 1.0 Conjurations
 + Level 3.3 Fire Magic


You had 6 spell levels left.
You knew the following spells:

 Your Spells              Type           Power      Damage    Failure   Level
a - Foxfire               Conj/Fire      36%        2x1d5     32%         1

Your spell library contained the following spells:

 Spells                   Type           Power      Damage    Failure   Level
 Conjure Flame            Conj/Fire      9%         6-21      69%         3
 Inner Flame              Hex/Fire       7%         N/A       77%         3
 Sticky Flame             Conj/Fire      9%         2d3       97%         4
 Fireball                 Conj/Fire      4%         3d4       100%        5


Dungeon Overview and Level Annotations

Branches:
Dungeon (3/15)

Altars:

Annotations:
D:2 Jessica


Innate Abilities, Weirdness & Mutations

You are small and have problems with some larger weapons.
You are completely attuned to the shadows.


Message History

You don't know that spell.
Casting: Foxfire (safe; 32% risk of failure)
Confirm with . or Enter, or press ? or * to list all spells.
You don't know that spell.
Casting: Foxfire (safe; 32% risk of failure)
Confirm with . or Enter, or press ? or * to list all spells.
You don't know that spell.
Unknown command.
Casting: Foxfire (safe; 32% risk of failure)
Confirm with . or Enter, or press ? or * to list all spells.
You miscast Foxfire.
You are very lightly contaminated with residual magic.
Nothing appears to happen.
The orc hits you but does no damage.
Casting: Foxfire (safe; 32% risk of failure)
Confirm with . or Enter, or press ? or * to list all spells.
You conjure some foxfire!
The hobgoblin closely misses you. The orc closely misses you.
You riposte.
You barely miss the orc.
The foxfire hits the orc but does no damage.
The foxfire hits the hobgoblin.
The hobgoblin is moderately wounded.
Casting: Foxfire (safe; 32% risk of failure)
Confirm with . or Enter, or press ? or * to list all spells.
You conjure some foxfire!
The hobgoblin closely misses you. The orc hits you with a +0 flail!
* * * LOW HITPOINT WARNING * * *
Your foxfire dissipates!
The foxfire hits the orc.
The orc is moderately wounded.
Casting: Foxfire (safe; 32% risk of failure)
Confirm with . or Enter, or press ? or * to list all spells.
You conjure some foxfire!
The orc barely misses you. The hobgoblin misses you.
The foxfire hits the orc.
The orc is moderately wounded.
The foxfire hits the orc.
The orc is severely wounded.
Your magical contamination has completely faded away.
Casting: Foxfire (safe; 32% risk of failure)
Confirm with . or Enter, or press ? or * to list all spells.
You conjure some foxfire!
The orc hits you with a +0 flail.
You die...

##.#
#...#.# #.#
#...#.# #.#
#...# #.#
#...# #.#
#...# #.#
#.[.# #...#
#..v# #.v@#
#.go# #...#
# #...#.#
##...#.#
.......# #
###.#.###.#
#.#)....# #
#.#####


You could see an orc (ally target) and a hobgoblin.

Vanquished Creatures
  4 endoplasms
  A giant cockroach (D:1)
  4 goblins
  2 hobgoblins (D:1)
  A jackal (D:3)
  2 quokkas (D:1)
  A ball python (D:1)
  A bat (D:1)
  5 rats
21 creatures vanquished.

Vanquished Creatures (others)
  16 foxfires
16 creatures vanquished.

Grand Total: 37 creatures vanquished

Notes
Turn   | Place    | Note
-------+----------+-------------------------------------------
     0 | D:1      | neco the Kobold Fire Elementalist began the quest for the
                  | Orb.
     0 | D:1      | Reached XP level 1. HP: 10/10 MP: 3/3
   831 | D:1      | Reached XP level 2. HP: 15/15 MP: 5/5
  1385 | D:2      | Noticed Jessica
  1823 | D:2      | Reached XP level 3. HP: 19/19 MP: 6/6
  2070 | D:3      | Slain by an orc

Illustrated notes

Levels and vault maps discovered:
D:1:      heliophobic_arrival_henge, layout_basic,
          hellmonk_ecumenical_altar_prayer_group, chequers_mini_garden
D:2:      layout_basic, uniq_jessica
D:3:      layout_basic, serial_shops, nicolae_shop_crystal

Skill      XL: |  1  2 |
---------------+-------+-----
Stealth        | 3 |  3.3
Armour         | |  0.1
Dodging        | |  2.7
Unarmed Combat | |  0.1
Spellcasting   | |  2.5
Conjurations   | |  1.0
Fire Magic     | |  3.3

Action                   || total
-------------------------++-------
Melee: Unarmed           ||    27
       Dagger            ||    42
       Falchion          ||    19
 Cast: Foxfire           ||    12
 Stab: Sleeping          ||     7
Armor: Robe              ||     8
       Ring mail         ||    13
Dodge: Dodged            ||    89
       Rpst.: Falchion   ||     6

Table legend: (Time is in decaauts)
 A = Elapsed time spent in this place.
 B = Non-inter-level travel time spent in this place.
 C = Inter-level travel time spent in this place.
 D = Time resting spent in this place.
 E = Time spent auto-exploring this place.
 F = Levels seen in this place.
 G = Mean time per level.
                   A        B        C        D        E       F      G
               +--------+--------+--------+--------+--------+-----+--------+
         Total |   2075 |   2075 |      0 |    779 |      0 |   3 |  691.7 |
       Dungeon |   2075 |   2075 |      0 |    779 |      0 |   3 |  691.7 |
               +--------+--------+--------+--------+--------+-----+--------+

Top non-repeatable levels by time:
     D:1: 1267 daAuts
     D:2: 511 daAuts
     D:3: 296 daAuts
